 Dungeon Crawl Stone Soup version 0.28.0-53-g5a82cb258f (webtiles) character file.

Game seed: 15721220121144554245

83 issech the Chopper (level 4, -1/41 HPs)
             Began as a Minotaur Monk on June 6, 2022.
             Slain by Grinder (4 damage)
             ... on level 3 of the Dungeon.
             The game lasted 00:03:47 (2183 turns).

issech the Chopper (Minotaur Monk)                  Turns: 2183, Time: 00:03:48

Health: -1/41      AC: 10    Str: 16    XL:     4   Next: 22%
Magic:  3/3        EV:  5    Int:  7    God:
Gold:   75         SH:  0    Dex: 14    Spells: 3/3 levels left

rFire   . . .      SeeInvis .   q - +0 halberd
rCold   . . .      Faith    .   (shield currently unavailable)
rNeg    . . .      Spirit   .   l - +0 plate armour
rPois   .          Reflect  .   (helmet restricted)
rElec   .          Harm     .   (no cloak)
rCorr   .          Rampage  .   (no gloves)
Will    .....                   (no boots)
Stlth   ..........              (no amulet)
HPRegen 0.13/turn               (no ring)
MPRegen 0.08/turn               (no ring)

@: no status effects
A: horns 2, retaliatory headbutt
a: no special abilities


You were on level 3 of the Dungeon.
You visited 1 branch of the dungeon, and saw 3 of its levels.

You collected 75 gold pieces.

Inventory:

Hand Weapons
 a - a +0 hand axe
 o - a +0 mace
 q - a +0 halberd (weapon)
Missiles
 d - 20 sling bullets
 g - 54 stones (quivered)
 h - 15 bolts
 i - 10 poisoned darts
Armour
 b - a +0 robe
 l - a +0 plate armour (worn)
Scrolls
 e - a scroll of silence {unknown}
 f - 3 scrolls of fear {unknown}
 j - a scroll of fog {unknown}
 k - a scroll of identify {unknown}
 m - 2 scrolls of enchant weapon {unknown}
 n - a scroll of immolation {unknown}
 p - a scroll of teleportation {unknown}
Potions
 c - a potion of haste {unknown}


   Skills:
 + Level 4.4 Fighting
 + Level 4.6 Axes
 + Level 0.3 Armour
 + Level 3.9 Dodging
 + Level 2.1 Stealth


You had 3 spell levels left.
You didn't know any spells.
Your spell library was empty.

Dungeon Overview and Level Annotations

Branches:
Dungeon (3/15)

Altars:

Annotations:
D:3 Grinder, Sigmund


Innate Abilities, Weirdness & Mutations

You have a pair of horns on your head.
You reflexively headbutt those who attack you in melee.


Message History

Grinder hits you.
You writhe in agony.
The jackal bites you but does no damage.
The jackal bites you but does no damage.
Grinder hits you!
You writhe in agony.
A jackal comes into view.
The jackal barks!
You hear a shout!
The jackal bites you but does no damage.
Grinder gestures at you.
You barely resist. The jackal bites you.
You can move again.
You hit Grinder.
Grinder is moderately wounded.
Grinder hits you but does no damage. x2
The jackal bites you but does no damage.
You hit Grinder.
Grinder is heavily wounded.
The jackal bites you but does no damage.
The jackal barely misses you. You furiously retaliate!
You headbutt the jackal, but do no damage.
Grinder gestures at you. Pain shoots through your body!
* * * LOW HITPOINT WARNING * * *
The jackal barely misses you.
The jackal bites you but does no damage.
You hit Grinder but do no damage.
Grinder is heavily wounded.
The jackal bites you but does no damage.
Sigmund the Dreaded comes into view.
He is wielding a +0 scythe and wearing a +2 robe of willpower.
Grinder barely misses you.
The jackal bites you but does no damage. x2
You closely miss Grinder.
Grinder is heavily wounded.
The jackal bites you but does no damage.
The jackal bites you.
* * * LOW HITPOINT WARNING * * *
Grinder barely misses you.
The jackal bites you but does no damage.
Grinder says, "Don't move a muscle."
Grinder hits you.
You die...

# .#. # #.# ## # #.#
#.# # ##.# #.#
#####..##########.#
.....#...........##
....###...........#
.###.#.#########5#.#
.# ... #@# 5. .#
#.### #)hh...... .#
#.# #..##.#### .#
#.# ...# # .# .#
..... #....# #....#
#....#


You could see Grinder and 2 jackals.

Vanquished Creatures
  2 adders
  3 gnolls (D:3)
  2 dart slugs (D:2)
  4 endoplasms (D:2)
  A giant cockroach (D:1)
  4 goblins
  4 hobgoblins
  3 quokkas
  A ball python (D:2)
  A frilled lizard (D:2)
  3 kobolds
  3 rats
31 creatures vanquished.

Notes
Turn   | Place    | Note
-------+----------+-------------------------------------------
     0 | D:1      | issech the Minotaur Monk began the quest for the Orb.
     0 | D:1      | Reached XP level 1. HP: 19/19 MP: 0/0
   398 | D:1      | You fall into a shaft and drop 1 floor!
   443 | D:2      | Reached XP level 2. HP: 13/27 MP: 1/1
   985 | D:2      | Reached XP level 3. HP: 29/33 MP: 2/2
  1933 | D:3      | Reached XP level 4. HP: 17/41 MP: 3/3
  2167 | D:3      | Noticed Grinder
  2167 | D:3      | Paralysed by Grinder for 2 turns
  2174 | D:3      | Paralysed by Grinder for 6 turns
  2182 | D:3      | Noticed Sigmund
  2183 | D:3      | Slain by Grinder

Illustrated notes

Levels and vault maps discovered:
D:1:      lightli_arrival_quake, layout_loops_cross,
          ebering_ecumenical_altar_mist, nicolae_concentric_dashed_squares_wild
D:2:      layout_basic
D:3:      layout_loops_ring, serial_shops,
          nicolae_shop_temple_entry_statues_fountains, uniq_sigmund,
          uniq_crazy_yiuf_cottage, uniq_grinder

Skill      XL: |  1  2  3 |
---------------+----------+-----
Fighting       | 4 |  4.4
Axes           | 4 |  4.6
Stealth        | 2 |  2.1
Armour         | |  0.3
Dodging        | |  3.9

Action                   |  1- 3 |  4- 6 || total
-------------------------+-------+-------++-------
Melee: Hand axe          |    74 |     1 ||    75
       Headbutt          |    16 |     2 ||    18
       Halberd           |       |    11 ||    11
Armor: Robe              |     6 |       ||     6
       Plate armour      |    19 |    18 ||    37
Dodge: Dodged            |    35 |     7 ||    42
